 Dungeon Crawl Stone Soup version 0.29-a0-350-g7790a0e70a (webtiles) character file.

Game seed: 15666487287590540611

135 Hubjo the Firebug (level 4, -1/26 HPs)
             Began as a Deep Elf Fire Elementalist on Apr 22, 2022.
             Slain by a phantom (7 damage)
             ... on level 5 of the Dungeon.
             The game lasted 00:10:33 (4775 turns).

Hubjo the Firebug (Deep Elf Fire Elementalist)      Turns: 4775, Time: 00:10:33

Health: -1/26      AC:  4    Str:  5    XL:     4   Next: 97%
Magic:  4/12       EV: 13    Int: 22    God:
Gold:   261        SH:  0    Dex: 17    Spells: 6/11 levels left

rFire   . . .      SeeInvis .   B - +3 dagger (venom)
rCold   + . .      Faith    .   (no shield)
rNeg    . . .      Spirit   .   a - +0 robe
rPois   .          Reflect  .   (no helmet)
rElec   .          Harm     .   (no cloak)
rCorr   .          Rampage  .   (no gloves)
Will    .....      Rage     1%  (no boots)
Stlth   +++.......              s - amulet of regeneration
HPRegen 0.88/turn               q - ring of protection from cold
MPRegen 0.13/turn               (no ring)

@: lethally poisoned (-1 -> -4), unable to read
A: iridescent scales 1, berserk 1, clever 1, inability to read while threatened
a: no special abilities


You were on level 5 of the Dungeon.
You visited 1 branch of the dungeon, and saw 5 of its levels.

You collected 261 gold pieces.

Inventory:

Hand Weapons
 k - a +0 spectral dagger
 B - a +3 dagger of venom (weapon)
Missiles
 e - 3 datura-tipped darts
Armour
 a - a +0 robe (worn)
Jewellery
 q - a ring of protection from cold (left hand)
 s - an amulet of regeneration (around neck)
Scrolls
 f - a scroll of torment
 h - a scroll of summoning {unknown}
 j - a scroll of enchant weapon {unknown}
 l - a scroll of noise {unknown}
 m - a scroll of amnesia {unknown}
 o - a scroll of vulnerability {unknown}
 p - a scroll of magic mapping {unknown}
 r - a scroll of enchant armour {unknown}
 t - 2 scrolls of immolation {unknown}
 w - a scroll of fog {unknown}
 x - a scroll of identify
 y - 2 scrolls of fear {unknown}
Potions
 b - a potion of magic
 c - a potion of degeneration {unknown}
 d - a potion of invisibility
 g - a potion of brilliance {unknown}
 i - a potion of cancellation {unknown}
 n - a potion of mutation
 u - a potion of lignification {unknown}
 v - a potion of resistance {unknown}
 z - a potion of flight {unknown}
 A - 2 potions of heal wounds
 C - a potion of might {unknown}


   Skills:
 + Level 2.0 Fighting
 - Level 2.4 Dodging
 + Level 3.6 Stealth
 + Level 4.2 Spellcasting
 - Level 1.1 Conjurations
 * Level 4.2 Fire Magic


You had 6 spell levels left.
You knew the following spells:

 Your Spells              Type           Power      Damage    Failure   Level
a - Foxfire               Conj/Fire      64%        2x1d7     3%          1
b - Flame Wave            Conj/Fire      16%        2d6       36%         4

Your spell library contained the following spells:

 Spells                   Type           Power      Damage    Failure   Level
 Scorch                   Fire           46%        2d7       3%          2
 Conjure Flame            Conj/Fire      16%        6-21      11%         3
 Inner Flame              Hex/Fire       14%        N/A       14%         3


Dungeon Overview and Level Annotations

Branches:
Dungeon (5/15)
 Temple: D:4-7

Altars:
Hepliaklqana
Uskayaw
Xom

Shops:
D:1 =

Annotations:
D:4 Edmund, Pikel


Innate Abilities, Weirdness & Mutations

You are partially covered in iridescent scales. (AC +2)
You tend to lose your temper in combat.
Your mind is acute. (Int +2)
You sometimes lose the ability to read scrolls when taking damage.


Message History

The phantom hits you but does no damage.
The foxfire hits the orc!
You kill the orc!
Casting: Foxfire (safe; 3% risk of failure)
Confirm with . or Enter, or press ? or * to list all spells.
You conjure some foxfire!
The foxfire hits the phantom.
The phantom is heavily damaged.
The adder bites you.
You feel threatened and lose the ability to read scrolls!
You are poisoned.
The adder poisons you! The adder bites you but does no damage.
The adder barely misses you.
The phantom hits you but does no damage.
Casting: Foxfire (safe; 3% risk of failure)
Confirm with . or Enter, or press ? or * to list all spells.
You conjure some foxfire!
You can read scrolls again.
You feel sick.
The foxfire hits the phantom but does no damage.
The phantom is heavily damaged.
The foxfire hits the orc priest.
The orc priest is lightly wounded.
The adder barely misses you. x3
The dart slug bites you but does no damage.
The phantom hits you.
You feel threatened and lose the ability to read scrolls!
The phantom blinks!
You blink.
The adder bites you.
* * * LOW HITPOINT WARNING * * *
You are more poisoned.
The adder poisons you!
Casting: Foxfire (safe; 3% risk of failure)
Confirm with . or Enter, or press ? or * to list all spells.
You conjure some foxfire!
You feel sick.
The foxfire hits the orc priest.
The orc priest is heavily wounded.
The foxfire hits the adder.
You kill the adder!
The adder barely misses you. The hound closely misses you.
The adder closely misses you. The adder barely misses you.
The phantom hits you!
You die...

#. ##...##
#.########'####
#.............#
#.............#
#.............#
####'########.#
##...## .#
##....W## #
#...wh@v#
#....SS†#
#...o§..#
##...§.##
##...## #####


You could see a phantom (ally target), a hound, an orc priest, 2 adders and a
dart slug.

Vanquished Creatures
  A lemure (D:4)
  An orc wizard (D:4)
  3 adders
  A worm (D:2)
  3 dart slugs
  9 orcs
  7 ball pythons
  10 endoplasms
  2 giant cockroaches (D:2)
  4 goblins
  4 hobgoblins
  2 jackals (D:1)
  3 quokkas
  5 bats
  4 frilled lizards
  9 kobolds
  11 rats
79 creatures vanquished.

Vanquished Creatures (others)
  165 foxfires
  A plant (D:2)
166 creatures vanquished.

Grand Total: 245 creatures vanquished

Notes
Turn   | Place    | Note
-------+----------+-------------------------------------------
     0 | D:1      | Hubjo the Deep Elf Fire Elementalist began the quest for
                  | the Orb.
     0 | D:1      | Reached XP level 1. HP: 10/10 MP: 6/6
   347 | D:1      | Reached XP level 2. HP: 16/16 MP: 1/8
   690 | D:1      | Reached skill level 1 in Fighting
   948 | D:1      | Found Niyl's Jewellery Boutique.
  1158 | D:1      | Reached XP level 3. HP: 18/20 MP: 4/9
  1621 | D:1      | Found a faded altar of an unknown god.
  1895 | D:2      | Found a shimmering altar of Xom.
  2696 | D:2      | Reached XP level 4. HP: 17/26 MP: 11/11
  2882 | D:2      | Learned a level 4 spell: Flame Wave
  3011 | D:3      | Found a hide-covered altar of Uskayaw.
  3026 | D:3      | Noticed a +0 hand axe
  3028 | D:3      | Noticed a +0 hand axe
  3606 | D:3      | Found a hazy altar of Hepliaklqana.
  4071 | D:3      | Gained mutation: Your system is resistant to poisons.
                  | (rPois) [potion of mutation]
  4071 | D:3      | Gained mutation: Your flesh is cold resistant. (rC+)
                  | [potion of mutation]
  4071 | D:3      | Gained mutation: Your magical capacity is low. (-10% MP)
                  | [potion of mutation]
  4072 | D:3      | Lost mutation: Your magical capacity is low. (-10% MP)
                  | [potion of mutation]
  4072 | D:3      | Lost mutation: Your system is resistant to poisons. (rPois)
                  | [potion of mutation]
  4072 | D:3      | Lost mutation: Your flesh is cold resistant. (rC+) [potion
                  | of mutation]
  4072 | D:3      | Gained mutation: You are partially covered in iridescent
                  | scales. (AC +2) [potion of mutation]
  4072 | D:3      | Gained mutation: You sometimes lose the ability to read
                  | scrolls when taking damage. [potion of mutation]
  4072 | D:3      | Gained mutation: You tend to lose your temper in combat.
                  | [potion of mutation]
  4072 | D:3      | Gained mutation: Your mind is acute. (Int +2) [potion of
                  | mutation]
  4578 | D:4      | Noticed a lemure
  4578 | D:4      | Noticed a lemure
  4578 | D:4      | Noticed Pikel
  4579 | D:4      | Noticed a lemure
  4583 | D:4      | Noticed a lemure
  4588 | D:4      | Noticed Edmund
  4593 | D:4      | Killed a lemure
  4596 | D:5      | Entered Level 5 of the Dungeon
  4763 | D:5      | Noticed a phantom
  4775 | D:5      | Slain by a phantom

Illustrated notes

Levels and vault maps discovered:
D:1:      dpeg_arrival_rhombi, layout_basic,
          hellmonk_ecumenical_altar_inner_sanctum, serial_shops,
          nicolae_shop_advertising_works [nicolae_subvault_shop_adworks],
          grunt_decor_cap, minivault_19, minmay_misc_feat_diagonals,
          chequers_serial_rivers_small_a
D:2:      cheibrodos_old_hovel, layout_rooms, basic_altar
D:3:      layout_basic, nicolae_hepliaklqana_hippocampus,
          dancing_weapons_uskayaw
D:4:      layout_loops_ring, minmay_temple_entry_glassed_door, serial_shops,
          shop, uniq_edmund, uniq_pikel, uniq_duvessa
D:5:      minmay_opposing_rooms, layout_cave_pods, trog_hazing_becter,
          amcnicky_mini_rare_corridor_liquid, corner_web_ring

Skill      XL: |  1  2  3  4 |
---------------+-------------+-----
Fighting       | 1 2 |  2.0
Stealth        | 3 |  3.6
Spellcasting   | 4 |  4.2
Fire Magic     | 4 |  4.2
Dodging        | |  2.4
Conjurations   | |  1.1

Action                   |  1- 3 |  4- 6 || total
-------------------------+-------+-------++-------
Melee: Unarmed           |    14 |       ||    14
       Dagger            |    43 |    46 ||    89
       Punch             |     1 |       ||     1
 Cast: Foxfire           |    87 |    22 ||   109
  Use: Scroll            |     4 |     2 ||     6
       Potion            |     2 |     3 ||     5
 Stab: Sleeping          |     6 |     2 ||     8
Armor: Robe              |    11 |    19 ||    30
Dodge: Dodged            |    40 |    51 ||    91

Table legend: (Time is in decaauts)
 A = Elapsed time spent in this place.
 B = Non-inter-level travel time spent in this place.
 C = Inter-level travel time spent in this place.
 D = Time resting spent in this place.
 E = Time spent auto-exploring this place.
 F = Levels seen in this place.
 G = Mean time per level.
                   A        B        C        D        E       F      G
               +--------+--------+--------+--------+--------+-----+--------+
         Total |   4784 |   4641 |    143 |    528 |   3354 |   5 |  956.8 |
       Dungeon |   4784 |   4641 |    143 |    528 |   3354 |   5 |  956.8 |
               +--------+--------+--------+--------+--------+-----+--------+

Top non-repeatable levels by time:
     D:1: 1704 daAuts
     D:3: 1384 daAuts
     D:2: 1245 daAuts
     D:4: 270 daAuts
     D:5: 178 daAuts
